 Dungeon Crawl Stone Soup version 0.31-a0-164-g2312942fda (webtiles) character file.

Game seed: 12473539954314062877

6673 greynaab the Transmogrifier (level 10, -15/37 HPs)
             Began as a Felid Venom Mage on June 13, 2023.
             Was an Elder of Dithmenos.
             Killed from afar by an orc sorcerer (28 damage)
             ... with a bolt of fire
             ... on level 2 of the Orcish Mines.
             The game lasted 00:56:44 (13379 turns).

greynaab the Transmogrifier (Felid Venom Mage)     Turns: 13379, Time: 00:56:44

Health: -15/37     AC:  2    Str:  7    XL:     10   Next: 73%
Magic:  14/18      EV: 18    Int: 22    God:    Dithmenos [****..]
Gold:   442        SH:  0    Dex: 21    Spells: 5/19 levels left
                                        Lives:  0   Deaths: 3

rFire   . .          .
                       - Unarmed
rCold   . . .        (shield unavailable)
rNeg    . . .        (body armour unavailable)
rPois   .            (helmet unavailable)
rElec   .            (cloak unavailable)
rCorr   +            (gloves unavailable)
SInv    +            (boots unavailable)
Will    ++...        a - amulet "Boextir" {Acrobat +Blink}
Stlth   ++++         s - ring "Peqojio" {Wiz *Slow rCorr Str+3 Dex+5}
HPRegen 0.26/turn    y - ring of willpower
MPRegen 0.16/turn

%: slow self (1%), acrobat, wizardry (x1)
@: spiked, on blink cooldown, wreathed by umbra, quick
A: very small, claws 1, fangs 3, see invisible, speed 1, shaggy fur 2, stealthy
paws, no weapons or thrown items, no armour, multi-lived
a: Renounce Religion, Evoke Blink, Shadow Step


You were on level 2 of the Orcish Mines.
You worshipped Dithmenos.
Dithmenos was greatly pleased with you.
You visited 2 branches of the dungeon, and saw 11 of its levels.
You also visited: Sewer and Bailey.

You collected 1043 gold pieces.
You spent 601 gold pieces at shops.

Inventory:

Jewellery
 a - the amulet "Boextir" (around neck) {Acrobat +Blink}
   (You bought it in a shop on level 1 of the Orcish Mines)

   [amulet of the acrobat]

   It increases your evasion while moving and waiting.
   +Blink:    It lets you blink.
 s - the ring "Peqojio" (left paw) {Wiz *Slow rCorr Str+3 Dex+5}
   (You acquired it in a bailey)

   [ring of wizardry]

   It improves your spell success rate.
   Str:       It affects your strength (+3).
   Dex:       It affects your dexterity (+5).
   rCorr:     It protects you from acid and corrosion.
   *Slow:     It may slow you when you take damage.
 w - an amulet of the acrobat
 x - an amulet of magic regeneration
 y - a ring of willpower (right paw)
Wands
 h - a wand of flame (6)
 n - a wand of iceblast (9)
 z - a wand of digging (5)
 A - a wand of acid (2)
 B - a wand of polymorph (11)
Scrolls
 c - 2 scrolls of vulnerability
 d - 2 scrolls of poison
 i - 8 scrolls of teleportation
 l - a scroll of silence
 p - a scroll of blinking
 q - a scroll of fog
 r - 2 scrolls of immolation
 t - a scroll of summoning
 u - 3 scrolls of revelation
Potions
 b - 2 potions of mutation {unknown}
 e - 3 potions of degeneration {unknown}
 f - 2 potions of enlightenment
 g - 2 potions of brilliance {unknown}
 j - 2 potions of invisibility
 o - 2 potions of might
 v - a potion of experience {unknown}


   Skills:
 - Level 2.6 Dodging
 - Level 2.6 Stealth
 - Level 5.1 Unarmed Combat
 + Level 5.0 Spellcasting
 + Level 11.5 Transmutations
 * Level 9.8 Air Magic
 - Level 6.9 Poison Magic


You had 5 spell levels left.
You knew the following spells:

 Your Spells              Type           Power      Damage    Failure   Level
a - Sting                 Tmut/Pois      100%       1d8       1%          1
b - Poisonous Vapours     Pois/Air       84%        N/A       1%          2
c - Mephitic Cloud        Conj/Pois/Air  30%        N/A       1%          3
d - Olgreb's Toxic Radia  Pois           36%        N/A       2%          4
e - Beastly Appendage     Tmut           100%       N/A       1%          1
f - Spider Form           Tmut/Pois      46%        N/A       1%          3

Your spell library contained the following spells:

 Spells                   Type           Power      Damage    Failure   Level
 Wereblood                Tmut           54%        N/A       1%          2
 Kiss of Death            Conj/Necr      20%        2d7       4%          1
 Magic Dart               Conj           20%        1d4       4%          1
 Blink                    Tloc           10%        N/A       6%          2
 Searing Ray              Conj           10%        2d4       6%          2
 Confusing Touch          Hex            5%         N/A       12%         3
 Inner Flame              Hex/Fire       5%         N/A       12%         3
 Dispel Undead            Necr           5%         3d7       36%         4
 Flame Wave               Conj/Fire      5%         2d5       36%         4
 Fulminant Prism          Conj/Hex       2%         3d5       36%         4
 Manifold Assault         Tloc           5%         N/A       36%         4
 Sticky Flame             Conj/Fire      5%         2d3       36%         4
 Storm Form               Tmut/Air       25%        N/A       38%         7
 Dispersal                Tloc           2%         N/A       99%         6
 Disjunction              Tloc           2%         N/A       100%        8


Dungeon Overview and Level Annotations

Branches:
Dungeon (9/15) Zot: 26800  Temple (0/1) D:4             Orc (2/2) D:9 Zot: 16287
    Elf (0/3) Orc:2         Sewer (visited)          Bailey (visited)
   Lair: D:8-11

Altars:
Cheibriados
Dithmenos
Elyvilon
Hepliaklqana
Kikubaaqudgha
Okawaru
Qazlal
Trog
Vehumet
Xom

Shops:
D:1 [(   D:3 [   Orc:1 =[*

Annotations:
D:4 exclusion: jelly
D:6 1 runed translucent door
Orc:2 Donald


Innate Abilities, Weirdness & Mutations

You have sharp claws.
You have razor-sharp teeth.
You have supernaturally acute eyesight. (SInv)
You cover ground quickly. (Speed+)
You are covered in thick fur. (AC +2)
Your paws help you pounce on unaware monsters.
You are incapable of wielding weapons or throwing items.
You cannot wear armour.
You gain extra lives every three experience levels.


Message History

Your horns disappear.
You feel yourself speed up.
You start resting.
You recover from your berserk rage.
There is a stone staircase leading down here.
You start resting.
HP restored.
You climb downwards.
You feel an oppressive heat about you.
There is an entrance to a volcano on this level.
Hurry and find it before the entrance collapses!
Level annotation: Donald You hear the rapid rumble of a distant avalanche of rocks.
There is a stone staircase leading up, spattered with blood here.
Things that are here:
a +0 robe; a +0 dagger; an orc skeleton Unknown command.
Casting: Sting (safe; 1% risk of failure)
Confirm with . or Enter, or press ? or * to list all spells.
Okay, then.
Aiming: Poisonous Vapours (safe; 1% risk of failure)
Press: ? - help, Q - select action, (/) - cycle Dir - move target, f - orc sorcerer
Aim: an orc sorcerer, wielding a +0 dagger and wearing a +0 robe (umbra) Poisonous vapours surround the orc sorcerer!
The orc sorcerer is poisoned.
The orc sorcerer mumbles some strange words.
Aiming: Poisonous Vapours (safe; 1% risk of failure)
Press: ? - help, Q - select action, (/) - cycle Dir - move target, f/p - orc sorcerer
Aim: an orc sorcerer, wielding a +0 dagger and wearing a +0 robe (lightly wounded, very poisoned, umbra) Poisonous vapours surround the orc sorcerer!
The orc sorcerer looks as sick as possible!
The orc sorcerer hits you with a +0 dagger!
The red devil hits you with a +0 trident!
Barbed spikes become lodged in your body.
The barbs in your skin will harm you if you move.
Continue?
Okay, then.
You blink.
The orc sorcerer casts a spell at you. The bolt of fire hits you!!
Ouch! That really hurt!
You die...

## ##.### ...# ##
#....## ...#
##.##.....### ...#
#.........).##[#.##
##.#...@....$.....#
##....)#[##....###
##...)ยง).........
##..4o..........
#...#.##.....$.$
##.[#####........
#...## #.........
##..#[####$.......
#............#....


You could see an orc sorcerer (extremely poisoned) and a red devil (summoned).

Vanquished Creatures
  An orc warlord (Bailey)
  An ogre mage (Orc:1)
  3 orc sorcerers (Orc:1)
  A troll (Orc:1)
  6 hornets
  A wyvern (D:7)
  A steam dragon (D:8)
  6 yaks
  2 wargs (Orc:1)
  2 floating eyes (Orc:1)
  A water moccasin (D:7)
  2 ice beasts (D:7)
  19 orc warriors
  3 black bears
  4 ogres
  4 centaurs
  A phantom (D:5)
  A scorpion (D:4)
  6 bullfrogs
  An electric eel (D:8)
  A jelly (D:8)
  3 hounds
  3 gnoll boudas
  8 orc priests
  2 iguanas (D:5)
  14 orc wizards
  A sleepcap (D:7)
  10 adders
  27 gnolls
  A river rat (Sewer)
  A shadow imp (D:6)
  An ufetubus (D:7)
  4 worms
  A dart slug (D:2)
  58 orcs
  3 bats (D:1)
  13 endoplasms
  4 giant cockroaches
  20 goblins
  18 hobgoblins
  A jackal (D:1)
  2 quokkas
  12 ball pythons
  2 frilled lizards (D:2)
  14 kobolds
  11 rats
301 creatures vanquished.

Vanquished Creatures (others)
  A centaur (D:7)
  An orc (Orc:2)
2 creatures vanquished.

Grand Total: 303 creatures vanquished

Notes
Turn   | Place    | Note
-------+----------+-------------------------------------------
     0 | D:1      | greynaab the Felid Venom Mage began the quest for the Orb.
     0 | D:1      | Reached XP level 1. HP: 7/7 MP: 4/4
   169 | D:1      | Found Qaossoin's Antique Weapon Emporium.
   363 | D:1      | Reached XP level 2. HP: 11/11 MP: 1/6
   416 | D:1      | Learned a level 2 spell: Poisonous Vapours
   424 | D:1      | Found Huhadups's Armour Boutique.
  1424 | D:2      | Reached XP level 3. HP: 7/14 MP: 2/7
  1861 | D:2      | Learned a level 3 spell: Mephitic Cloud
  1983 | D:2      | Reached XP level 4. HP: 12/18 MP: 4/9
  2652 | D:3      | Found a faded altar of an unknown god.
  2666 | D:3      | Found a glowing drain.
  2744 | Sewer    | Entered a sewer
  3137 | Sewer    | Noticed a kobold brigand
  3322 | Sewer    | Reached XP level 5. HP: 21/21 MP: 8/10
  3562 | Sewer    | Learned a level 4 spell: Olgreb's Toxic Radiance
  3834 | D:3      | Found a shadowy altar of Dithmenos.
  3835 | D:3      | Found Umuduhig's Armour Shoppe.
  4594 | D:3      | Reached skill level 5 in Poison Magic
  4673 | D:4      | Gained mutation: You are covered in thick fur. (AC +2)
                  | [Felid growth]
  4673 | D:4      | Reached XP level 6. HP: 18/24 MP: 5/12
  5140 | D:4      | Found a faded altar of an unknown god.
  5144 | D:4      | Prayed at the altar of an unknown god.
  5144 | D:4      | Became a worshipper of Dithmenos the Shadowed
  5144 | D:4      | Reached * piety under Dithmenos
  5161 | D:4      | Found a staircase to the Ecumenical Temple.
  5721 | D:5      | Entered Level 5 of the Dungeon
  5750 | D:5      | Noticed an ice beast
  6027 | D:5      | Reached XP level 7. HP: 27/27 MP: 9/14
  6397 | D:5      | Found a bloodstained altar of Trog.
  6403 | D:5      | Reached skill level 2 in Transmutations
  6709 | D:6      | Reached skill level 3 in Transmutations
  6891 | D:6      | Found a radiant altar of Vehumet.
  7100 | D:6      | Learned a level 1 spell: Beastly Appendage
  7122 | D:6      | Reached XP level 8. HP: 25/31 MP: 10/16
  7301 | D:6      | Noticed a troll
  7313 | D:6      | Learned a level 3 spell: Spider Form
  7333 | D:6      | Slain by a troll
  7334 | D:6      | Reached XP level 7. HP: 0/27 MP: 9/15
  7365 | D:6      | Reached skill level 4 in Transmutations
  7365 | D:6      | Reached skill level 1 in Air Magic
  7374 | D:6      | Reached skill level 1 in Unarmed Combat
  7733 | D:7      | Noticed a yak
  7733 | D:7      | Noticed a yak
  7733 | D:7      | Noticed a yak
  7733 | D:7      | Noticed a yak
  7733 | D:7      | Noticed a yak
  7733 | D:7      | Noticed a yak
  7780 | D:6      | Killed a yak
  7867 | D:6      | Shot with a bolt by an orc warrior
  7868 | D:6      | Reached XP level 6. HP: -7/24 MP: 3/14
  7884 | D:6      | Killed an orc warrior
  7885 | D:6      | Reached skill level 5 in Transmutations
  7926 | D:7      | Reached XP level 7. HP: 27/27 MP: 15/15
  7950 | D:7      | Reached ** piety under Dithmenos
  8282 | D:8      | Found a flagged portal.
  8284 | D:8      | Noticed a steam dragon
  8294 | Bailey   | Entered a bailey
  8434 | Bailey   | Reached skill level 6 in Transmutations
  8515 | Bailey   | Reached XP level 8. HP: 31/31 MP: 9/16
  8778 | Bailey   | Reached skill level 7 in Transmutations
  8842 | Bailey   | Acquired an amulet of the acrobat
  8849 | Bailey   | Acquired the ring "Peqojio" {Wiz *Slow rCorr Str+3 Dex+5}
  8893 | Bailey   | Noticed an orc warlord
  8956 | Bailey   | Reached *** piety under Dithmenos
  8959 | Bailey   | Killed an orc warlord
  8960 | Bailey   | Reached skill level 8 in Transmutations
  8960 | Bailey   | Reached XP level 9. HP: 34/34 MP: 4/17
  9105 | Bailey   | Identified the staff of air "Reufuecw" {Fly rElec rC+ SInv}
  9195 | D:8      | Reached skill level 5 in Unarmed Combat
  9204 | D:8      | Reached skill level 9 in Transmutations
  9309 | D:8      | Found a white marble altar of Elyvilon.
  9492 | D:8      | Found an iron altar of Okawaru.
  9495 | D:8      | Found a hazy altar of Hepliaklqana.
  9575 | D:8      | Found a stormy altar of Qazlal.
  9594 | D:8      | Reached skill level 5 in Air Magic
  9820 | D:6      | Found a runed translucent gate.
 10645 | D:7      | Reached XP level 10. HP: 32/37 MP: 14/18
 10789 | D:7      | Identified the +0 pair of gloves of Bim Qusch {-Cast Harm
                  | +Inv rElec}
 10794 | D:7      | Found a shimmering altar of Xom.
 10821 | D:7      | Reached **** piety under Dithmenos
 10927 | D:7      | Found an ancient bone altar of Kikubaaqudgha.
 11015 | D:7      | Reached skill level 10 in Transmutations
 11475 | D:9      | Found a staircase to the Orcish Mines.
 11516 | D:9      | Found a snail-covered altar of Cheibriados.
 11580 | Orc:1    | Entered Level 1 of the Orcish Mines
 11580 | Orc:1    | Noticed an orc sorcerer
 11584 | Orc:1    | Found Daer's General Store.
 11590 | Orc:1    | Killed an orc sorcerer
 11592 | Orc:1    | Noticed an orc sorcerer
 11606 | Orc:1    | Killed an orc sorcerer
 11620 | Orc:1    | Killed from afar by an orc priest
 11621 | Orc:1    | Reached XP level 9. HP: -11/34 MP: 3/17
 11998 | Orc:1    | Bought a scroll of identify for 26 gold pieces
 11998 | Orc:1    | Bought a potion of heal wounds for 65 gold pieces
 11998 | Orc:1    | Bought a scroll of identify for 26 gold pieces
 12279 | Orc:1    | Found Ikkuqana's Armour Shoppe.
 12426 | Orc:1    | Found Vouniull's Jewellery Shoppe.
 12440 | Orc:1    | Bought the amulet "Boextir" {Acrobat +Blink} for 484 gold
                  | pieces
 12458 | Orc:1    | Noticed a troll
 12465 | Orc:1    | Killed a troll
 12466 | Orc:1    | Reached XP level 10. HP: 37/37 MP: 12/18
 12537 | Orc:1    | Paralysed by a floating eye for 2 turns
 12540 | Orc:1    | Reached skill level 11 in Transmutations
 12575 | Orc:1    | Noticed an ogre mage
 12591 | Orc:1    | Killed an ogre mage
 12659 | Orc:1    | Noticed an orc sorcerer
 12664 | Orc:1    | Killed an orc sorcerer
 12889 | Orc:2    | Entered Level 2 of the Orcish Mines
 12972 | Orc:2    | Found a staircase to the Elven Halls.
 12973 | Orc:2    | Noticed Donald
 13092 | Orc:2    | Noticed an orc sorcerer
 13267 | Orc:1    | Reached skill level 5 in Spellcasting
 13379 | Orc:2    | Killed from afar by an orc sorcerer

Illustrated notes

Levels and vault maps discovered:
D:1:      matt_arrival_grand_opening, layout_loops_ring, serial_shops,
          nicolae_shop_hallway_plus, shop, minmay_pentomino_q2
D:2:      layout_basic, minmay_statues_item
D:3:      layout_loops_cross, old_standard_altar, serial_shops, shop,
          dreamdust_ecumenical_altar_statues, gup_sewer_entry_glass
D:4:      cheibrodos_quashed, layout_cave_pools, temple_doors_e,
          serial_column_ruins, column_ruins_hut, column_ruins_temple_hut,
          column_ruins_grid_1, column_ruins_open_tiny,
          column_ruins_corridor_straight, column_ruins_open_small,
          column_ruins_columns_corner, column_ruins_open_tiny
D:5:      minmay_angry_zag, layout_basic, trog_antimagical,
          minmay_fractal_squares_gapless_5
D:6:      layout_cave_pods, kennysheep_mini, gammafunk_ghost_necromancy
D:7:      layout_rooms, xom_confusion_cloud, kiku_gazebo_pond_becter,
          kennysheep_generic_room_10
D:8:      layout_cave_pools, old_standard_altar, nicolae_overflow_hidden_temple,
          nicolae_overflow_squiral, enter_ossuary_2, enter_bailey_2
D:9:      layout_stronghold, mainiacjoe_overflow_24_doors, orc_0_dummy,
          amcnicky_mini_corridor_feature
Orc:1:    hellmonk_paralyzer, layout_diamond_mine, serial_shops, shop, shop,
          nicolae_lakefront_shop
Orc:2:    grunt_orc_tribal_feast, layout_caves, nicolae_volcano_entry_hallway,
          mines2_david, uniq_donald

Skill      XL: |  1  2  3  4  5  6  7  8  9 10 |
---------------+-------------------------------+-----
Poison Magic   | 3 4 5 6 |  6.9
Spellcasting   | 3 4 5 |  5.0
Transmutations | 5 6 8 9 11 | 11.5
Air Magic      | 2 3 4 6 9 |  9.8
Unarmed Combat | 2 3 4 5 |  5.1
Dodging        | |  2.6
Stealth        | |  2.6

Action                     |  1- 3 |  4- 6 |  7- 9 | 10-12 || total
---------------------------+-------+-------+-------+-------++-------
  Melee: Unarmed           |    23 |    17 |    59 |    37 ||   136
         Bite              |     3 |     3 |     7 |     2 ||    15
         Headbutt          |       |       |     7 |     3 ||    10
         Punch             |       |       |     2 |     2 ||     4
   Cast: Sting             |    72 |   172 |    68 |    13 ||   325
         Poisonous Vapours |     5 |    18 |   115 |    38 ||   176
         Olgreb's Toxic Ra |       |     1 |    33 |    17 ||    51
         Beastly Appendage |       |       |    10 |     3 ||    13
         Mephitic Cloud    |       |       |    11 |     8 ||    19
         Spider Form       |       |       |     1 |       ||     1
Ability: Evoke Blink       |       |       |       |     2 ||     2
  Evoke: Wand              |       |     2 |    13 |     1 ||    16
    Use: Potion            |     1 |     5 |     3 |     4 ||    13
         Scroll            |       |    10 |     6 |     3 ||    19
 Armour: Skin              |     4 |     7 |     6 |     1 ||    18
  Dodge: Dodged            |    43 |    82 |   232 |    74 ||   431

Table legend: (Time is in decaauts)
 A = Elapsed time spent in this place.
 B = Non-inter-level travel time spent in this place.
 C = Inter-level travel time spent in this place.
 D = Time resting spent in this place.
 E = Time spent auto-exploring this place.
 F = Levels seen in this place.
 G = Mean time per level.
                   A        B        C        D        E       F      G
               +--------+--------+--------+--------+--------+-----+--------+
         Total |  12268 |  11946 |    322 |   3331 |   5634 |  13 |  943.7 |
       Dungeon |   8649 |   8337 |    312 |   1849 |   4787 |   9 |  961.0 |
  Orcish Mines |   1711 |   1701 |     10 |    679 |    633 |   2 |  855.5 |
         Sewer |   1089 |   1089 |      0 |    404 |    150 |   1 | 1089.0 |
        Bailey |    818 |    818 |      0 |    399 |     62 |   1 |  818.0 |
               +--------+--------+--------+--------+--------+-----+--------+

Top non-repeatable levels by time:
   Orc:1: 1586 daAuts
     D:6: 1561 daAuts
     D:2: 1263 daAuts
     D:7: 1208 daAuts
   Sewer: 1089 daAuts
     D:1: 1088 daAuts
     D:3: 978 daAuts
     D:4: 905 daAuts
  Bailey: 818 daAuts
     D:5: 727 daAuts
     D:8: 717 daAuts
     D:9: 199 daAuts
   Orc:2: 124 daAuts
